Map: 永恒帝国-天梯版

Players

iGXiGua (XiGua)

  • Race: Zerg Zerg

JieShi - Winner!

  • Race: Protoss Protoss
  • League: Master

Event: DreamHack SC2 Masters 2020 Fall

VOD

Have the link to the VOD?

Description

Time

  • Played on: Sept. 5, 2020, 9:04 a.m.
  • Length: 11:58

All games in this series

Show
View Real Time Build Order
Export as new Build Order

iGXiGua Zerg 

Build Orders: Hatch First 

Get SALT Encoding   

  12  0:00  Drone  
  13  0:12  Overlord  
  13  0:17  Drone  
  14  0:31  Drone  
  15  0:42  Drone  
  16  0:48  Hatchery  
  15  0:52  Drone  
  15  0:55  Drone  
  17  1:00  Drone  
  18  1:09  Extractor  
  17  1:15  Spawning Pool  
  17  1:18  Drone  
  17  1:21  Drone  
  18  1:29  Drone  
  19  1:39  Drone  
  20  1:49  Hatchery  
  20  1:51  Drone  
  20  2:01  Queen  
  20  2:04  Drone  
  20  2:08  Drone  
  24  2:13  Drone  
  25  2:17  Overlord  
  25  2:23  Metabolic Boost  
  25  2:31  Queen  
  25  2:36  Zergling x4  
  29  2:43  Queen  
  31  2:46  Drone  
  31  2:48  Drone  
  33  2:52  Overlord  
  33  2:55  Drone  
  34  2:59  Drone  
  34  3:01  Drone  
  36  3:07  Queen  
  36  3:12  Overlord  
  38  3:16  Spore Crawler  
  38  3:19  Drone x2  
  37  3:24  Drone, Spore Crawler  
  39  3:27  Zergling x4  
  39  3:28  Zergling x2  
  41  3:34  Drone  
  41  3:35  Drone  
  41  3:38  Queen  
  45  3:46  Drone x2  
  45  3:47  Drone x2  
  48  3:51  Drone x2  
  48  3:54  Drone x2  
  52  3:57  Overlord  
  52  4:00  Drone  
  53  4:03  Overlord  
  53  4:11  Evolution Chamber  
  53  4:12  Overlord  
  52  4:18  Drone x2  
  52  4:19  Drone  
  52  4:20  Drone x2  
  57  4:24  Drone x3  
  57  4:25  Extractor  
  57  4:27  Drone x3  
  57  4:28  Drone  
  57  4:30  Drone  
  64  4:35  Baneling Nest, Spore Crawler  
  64  4:38  Drone, Spore Crawler  
  61  4:41  Zerg Melee Weapons Level 1  
  61  4:44  Drone  
  61  4:45  Overlord  
  63  4:47  Drone  
  63  4:48  Drone  
  63  4:52  Drone  
  66  4:53  Drone  
  66  4:59  Hatchery  
  66  5:05  Zergling x10  
  71  5:10  Overlord  
  70  5:17  Zergling x6  
  70  5:19  Overlord x3  
  73  5:24  Baneling x7  
  73  5:27  Overlord  
  73  5:29  Queen  
  73  5:30  Drone  
  73  5:31  Drone  
  73  5:33  Drone  
  78  5:36  Zergling x6  
  78  5:42  Zergling x10  
  86  5:49  Zergling x2  
  84  5:50  Zergling x2  
  84  5:51  Zergling x4  
  84  6:02  Zergling x2  
  84  6:03  Zergling x14  
  67  6:19  Roach Warren, Zergling x2  
  67  6:20  Zergling x10  
  67  6:23  Drone x2  
  71  6:26  Lair  
  71  6:27  Drone  
  71  6:29  Drone  
  71  6:30  Drone  
  71  6:31  Drone  
  75  6:34  Drone  
  75  6:37  Drone, Extractor x2  
  75  6:43  Drone x4  
  79  6:47  Drone x4  
  79  6:52  Drone x2  
  79  6:54  Drone  
  82  6:56  Drone x4  
  82  6:58  Drone x2  
  88  7:01  Drone x2  
  88  7:03  Extractor  
  88  7:04  Overlord  
  89  7:08  Drone x2  
  89  7:09  Baneling  
  89  7:10  Baneling x5  
  89  7:13  Roach x2  
  94  7:19  Roach x2  
  99  7:22  Roach  
  99  7:25  Baneling x8  
  99  7:26  Roach x2  
  99  7:27  Roach  
  99  7:29  Glial Reconstitution  
  105  7:33  Zergling x8  
  106  7:50  Zergling x16, Hatchery  
  110  7:56  Drone x5  
  110  7:57  Zerg Melee Weapons Level 2  
  114  8:03  Spire  
  114  8:05  Drone x3  
  113  8:09  Unknown, Centrifical Hooks  
  113  8:11  Zergling x8  
  116  8:16  Pneumatized Carapace  
  116  8:17  Overlord  
  113  8:20  Drone x4  
  113  8:25  Drone x4  
  119  8:28  Overlord  
  119  8:29  Overlord  
  119  8:32  Overseer  
  119  8:33  Overlord  
  119  8:34  Overlord  
  113  8:42  Queen x2  
  113  8:47  Spore Crawler  
  111  8:49  Zergling x6, Spore Crawler  
  111  8:54  Zergling x10  
  118  8:59  Queen  
  117  9:03  Zergling x6  
  117  9:04  Zergling x10  
  117  9:09  Extractor, Zergling x2  
  125  9:10  Zergling x2  
  125  9:17  Drone x2  
  125  9:22  Drone x5  
  131  9:29  Corruptor x3  
  131  9:30  Hatchery  
  135  9:34  Corruptor  
  135  9:35  Corruptor  
  139  9:40  Baneling x4  
  139  9:42  Spore Crawler  
  137  9:46  Corruptor x2  
  141  9:53  Corruptor x2  
  141  9:59  Corruptor x2  
  140  10:04  Corruptor x2  
  140  10:06  Queen  
  145  10:12  Corruptor  
  137  10:15  Queen  
  137  10:19  Corruptor  
  137  10:20  Corruptor  
  134  10:33  Corruptor x4  
  137  10:40  Corruptor  
  102  10:57  Corruptor, Hatchery  
  102  11:03  Corruptor  
  105  11:05  Zergling x4  
  105  11:06  Zergling x2  
  103  11:13  Corruptor  
  99  11:22  Corruptor  
Show
View Real Time Build Order
Export as new Build Order

JieShi Protoss - Winner!

Build Orders: 1 Gate Expand, Oracle Opening 

Get SALT Encoding   

  12  0:00  Probe  
  13  0:12  Probe  
  14  0:18  Pylon  
  14  0:24  Probe (Chrono Boost)  
  15  0:36  Probe (Chrono Boost)  
  15  0:42  Gateway  
  16  0:45  Probe (Chrono Boost)  
  16  0:49  Assimilator  
  17  0:51  Probe  
  18  1:04  Probe  
  19  1:16  Probe  
  20  1:23  Nexus  
  20  1:33  Cybernetics Core  
  20  1:36  Probe  
  21  1:42  Assimilator  
  21  1:48  Probe  
  21  1:52  Pylon  
  22  2:00  Probe  
  23  2:10  Stargate  
  23  2:12  Adept (Chrono Boost), Probe  
  26  2:23  Warp Gate  
  26  2:24  Probe (Chrono Boost)  
  27  2:34  Adept  
  27  2:36  Probe (Chrono Boost)  
  31  2:42  Probe (Chrono Boost)  
  31  2:45  Probe (Chrono Boost)  
  31  2:49  Probe (Chrono Boost)  
  31  2:50  Probe (Chrono Boost)  
  33  2:52  Oracle (Chrono Boost)  
  37  3:01  Probe  
  37  3:02  Probe  
  37  3:05  Pylon  
  39  3:13  Void Ray (Chrono Boost)  
  39  3:15  Probe  
  40  3:20  Probe  
  46  3:27  Probe  
  46  3:30  Gateway  
  46  3:31  Adept  
  46  3:33  Probe  
  49  3:39  Probe  
  49  3:40  Assimilator  
  50  3:43  Pylon  
  50  3:45  Probe  
  51  3:51  Probe  
  51  3:55  Gateway  
  52  3:58  Twilight Council  
  52  4:01  Probe  
  53  4:03  Probe  
  54  4:10  Pylon  
  54  4:13  Probe  
  54  4:15  Adept, Probe  
  58  4:23  Pylon  
  58  4:28  Nexus  
  58  4:29  Resonating Glaives (Chrono Boost)  
  58  4:32  Pylon  
  58  4:37  Adept  
  58  4:38  Adept  
  62  4:40  Probe  
  62  4:41  Probe  
  64  4:45  Shield Battery  
  64  4:53  Adept  
  64  4:57  Probe  
  64  4:58  Pylon, Probe  
  64  4:59  Assimilator  
  68  5:00  Adept  
  68  5:05  Adept  
  72  5:09  Pylon  
  72  5:10  Probe x2  
  74  5:14  Adept  
  76  5:22  Adept  
  78  5:29  Probe  
  78  5:30  Probe  
  78  5:34  Adept  
  82  5:54  Probe x2  
  84  5:59  Stargate x2  
  82  6:06  Probe  
  77  6:11  Probe  
  72  6:20  Probe (Chrono Boost)  
  70  6:26  Adept x3  
  70  6:27  Probe x2 (Chrono Boost)  
  70  6:32  Forge  
  76  6:36  Probe x2 (Chrono Boost)  
  76  6:38  Probe (Chrono Boost)  
  76  6:39  Fleet Beacon  
  78  6:41  Probe  
  78  6:42  Probe  
  78  6:46  Gateway  
  80  6:48  Pylon, Probe  
  80  6:52  Assimilator  
  80  6:53  Adept x2, Probe  
  80  6:54  Shield Battery, Adept  
  87  6:55  Probe  
  87  6:56  Assimilator  
  87  6:58  Void Ray x2  
  87  6:59  Void Ray  
  87  7:00  Probe  
  89  7:06  Probe  
  89  7:07  Probe  
  103  7:09  Photon Cannon  
  103  7:12  Probe  
  103  7:15  Adept x2  
  108  7:16  Adept  
  108  7:19  Probe  
  108  7:22  Protoss Air Weapons Level 1  
  111  7:25  Probe  
  112  7:31  Probe  
  113  7:38  Void Ray x2 (Chrono Boost)  
  113  7:39  Nexus  
  113  7:40  Pylon  
  121  7:44  Void Ray (Chrono Boost)  
  107  7:54  Adept x4  
  105  8:12  Void Ray x2 (Chrono Boost)  
  105  8:15  Shield Battery  
  105  8:17  Photon Cannon  
  105  8:18  Void Ray (Chrono Boost)  
  113  8:26  Adept x3  
  115  8:42  Void Ray (Chrono Boost)  
  118  8:49  Mothership (Chrono Boost)  
  118  8:53  Nexus  
  126  8:56  Pylon  
  126  8:57  Photon Cannon  
  126  8:59  Shield Battery, Unknown  
  124  9:09  Pylon  
  120  9:10  Pylon  
  120  9:12  Void Ray (Chrono Boost), Pylon  
  120  9:14  Unknown  
  120  9:15  Adept  
  120  9:16  Adept x3  
  128  9:18  Void Ray (Chrono Boost), Photon Cannon  
  128  9:21  Shield Battery  
  136  9:25  Photon Cannon  
  136  9:26  Shield Battery  
  136  9:27  Void Ray (Chrono Boost)  
  136  9:28  Photon Cannon  
  136  9:30  Shield Battery  
  136  9:37  Adept x2  
  144  9:38  Probe  
  144  9:39  Probe  
  146  9:49  Pylon  
  146  9:52  Void Ray  
  146  9:57  Void Ray  
  146  9:58  Void Ray  
  154  10:11  Probe  
  154  10:12  Probe  
  144  10:26  Adept  
  144  10:27  Adept x3  
  150  10:29  Void Ray  
  150  10:34  Void Ray  
  150  10:35  Void Ray  
  148  10:38  Probe (Chrono Boost)  
  148  10:42  Probe (Chrono Boost)  
  143  10:52  Probe x2 (Chrono Boost)  
  143  10:53  Probe x2 (Chrono Boost)  
  140  10:57  Adept x2, Probe (Chrono Boost)  
  140  11:00  Probe  
  146  11:07  Void Ray  
  146  11:12  Void Ray x2, Probe  

Tags
 
Add a new tag
Caveats
  • Supply blocks, unpowered buildings, or Contaminate may cause inaccurate times.
  • Supply counts are checked every 10 seconds.